 Dungeon Crawl Stone Soup version 0.32-a0-913-g739538afd8 (webtiles) character file.

Game seed: 734926455241117417

224 DPZ9602 the Cudgeller (level 5, -3/45 HPs)
             Began as a Minotaur Berserker on Apr 7, 2024.
             Was a Priest of Trog.
             Slain by a gnoll
             ... wielding a +0 spear
              (4 damage)
             ... on level 4 of the Dungeon.
             The game lasted 00:04:47 (2585 turns).

DPZ9602 the Cudgeller (Minotaur Berserker)          Turns: 2585, Time: 00:04:48

Health: -3/45      AC:  2    Str: 19    XL:     5   Next: 67%
Magic:  4/4        EV: 11    Int:  4    God:    Trog [***...]
Gold:   129        SH:  0    Dex: 10    Spells: 4/4 levels left

rFire   . . .        a - +0 mace
rCold   + . .        (no shield)
rNeg    + . .        b - +0 animal skin
rPois   .            (helmet restricted)
rElec   .            (no cloak)
rCorr   .            (no gloves)
SInv    .            (no boots)
Will    .....        (no amulet)
Stlth   +            c - ring of positive energy
HPRegen 0.27/turn    (no ring)
MPRegen 0.09/turn

%: no passive effects
@: on berserk cooldown, slowed, very slow
A: horns 2, retaliatory headbutt, hooves 1, cold resistance 1, weak 2
a: Renounce Religion, Berserk, Trog's Hand


You were on level 4 of the Dungeon.
You worshipped Trog.
Trog was most pleased with you.
You visited 1 branch of the dungeon, and saw 4 of its levels.

You collected 129 gold pieces.

Inventory:

Hand Weapons
 a - a +0 mace (weapon)
Armour
 b - a +0 animal skin (worn)
Jewellery
 c - a ring of positive energy (left hand)
Scrolls
 f - a scroll of brand weapon {unknown}
 g - a scroll of fear {unknown}
Potions
 d - a potion of mutation


   Skills:
 - Level 3.6 Fighting
 + Level 7.8 Maces & Flails
 - Level 2.4 Armour
 - Level 2.1 Dodging


You had 4 spell levels left.
You didn't know any spells.
Your spell library was empty.

Dungeon Overview and Level Annotations

Branches:
Dungeon (4/15)             Temple (0/1) D:4

Altars:
Fedhas


Innate Abilities, Weirdness & Mutations

You have a pair of horns on your head.
You reflexively headbutt those who attack you in melee.
You have large cloven feet.
Your flesh is cold resistant. (rC+)
You are very weak. (Str -4)


Message History

You feel your anger nearly subside.
You are no longer berserk.
You are exhausted.
You feel yourself slow down.
* * * LOW HITPOINT WARNING * * *
You feel sick.
You are no longer poisoned.
It was a potion of invisibility.
You fade into invisibility!
Found a long sword.
Found 2 cyan potions.
You open the door. The endoplasm hits you.
* * * LOW HITPOINT WARNING * * *
The endoplasm jiggles.
The endoplasm hits you.
* * * LOW HITPOINT WARNING * * *
There is an open door here.
A dart slug comes into view.
The endoplasm freezes you. You resist. The endoplasm freezes you. You resist.
* * * LOW HITPOINT WARNING * * *
The endoplasm attacks as it pursues you!
The endoplasm hits you.
* * * LOW HITPOINT WARNING * * *
You flicker for a moment.
The endoplasm attacks as it pursues you!
The endoplasm barely misses you. You furiously retaliate!
You headbutt the endoplasm!
You kill the endoplasm!
Trog accepts your kill.
A goblin comes into view. It is wielding a +2 dagger of venom.
You flicker back into view.
The goblin shouts!
The gnoll hits you from afar with a +0 spear.
* * * LOW HITPOINT WARNING * * *
A goblin comes into view. It is wielding a +0 club.
The gnoll attacks as it pursues you!
The gnoll hits you from afar with a +0 spear.
You die...

##### #####
#######...####........
#.........##..........
#.....................
#.....................
###.....................
..##...........#........
...'....................
..##........w.g.@.......
..##.............g#####.
..##..................g
..##...................
........#######.........
#.......# ..........
#....)..# ..........
....... ..........#
#.....# ..........


You could see a gnoll, a dart slug and a goblin.

Vanquished Creatures
  An orc wizard (D:3)
  Robin (D:3)
  3 gnolls (D:4)
  6 adders
  A ribbon worm (D:3)
  2 dart slugs
  5 orcs
  2 ball pythons
  11 endoplasms
  3 giant cockroaches
  12 goblins
  10 hobgoblins
  2 jackals (D:2)
  9 kobolds
  A quokka (D:1)
  11 bats
  4 frilled lizards
  6 rats
90 creatures vanquished.

Notes
Turn   | Place    | Note
-------+----------+-------------------------------------------
     0 | D:1      | DPZ9602 the Minotaur Berserker began the quest for the Orb.
     0 | D:1      | Reached XP level 1. HP: 19/19 MP: 0/0
    75 | D:1      | Reached skill level 4 in Maces & Flails
   125 | D:1      | Reached XP level 2. HP: 26/26 MP: 1/1
   399 | D:1      | Reached skill level 5 in Maces & Flails
   506 | D:1      | Found a faded altar of an unknown god.
   510 | D:1      | Reached ** piety under Trog
   511 | D:1      | Reached XP level 3. HP: 31/31 MP: 2/2
   922 | D:2      | Found a blossoming altar of Fedhas.
  1124 | D:2      | Reached XP level 4. HP: 39/39 MP: 3/3
  1138 | D:2      | Reached skill level 6 in Maces & Flails
  1748 | D:2      | Gained mutation: Your body sometimes deteriorates upon
                  | taking damage. [potion of mutation]
  1748 | D:2      | Gained mutation: Your spells are a little harder to cast,
                  | but a little more powerful. [potion of mutation]
  1748 | D:2      | Gained mutation: You have a pair of large horns on your
                  | head. [potion of mutation]
  1749 | D:2      | Lost mutation: Your spells are a little harder to cast, but
                  | a little more powerful. [potion of mutation]
  1749 | D:2      | Lost mutation: You have a pair of large horns on your head.
                  | [potion of mutation]
  1749 | D:2      | Lost mutation: Your body sometimes deteriorates upon taking
                  | damage. [potion of mutation]
  1749 | D:2      | Gained mutation: Your flesh is cold resistant. (rC+)
                  | [potion of mutation]
  1749 | D:2      | Gained mutation: You are weak. (Str -2) [potion of
                  | mutation]
  1749 | D:2      | Gained mutation: You are very weak. (Str -4) [potion of
                  | mutation]
  1749 | D:2      | Gained mutation: You have large cloven feet. [potion of
                  | mutation]
  1769 | D:3      | Noticed Robin
  1780 | D:3      | Killed Robin
  1839 | D:3      | Reached *** piety under Trog
  2080 | D:3      | Reached skill level 7 in Maces & Flails
  2080 | D:3      | Reached XP level 5. HP: 36/45 MP: 4/4
  2534 | D:4      | Found a staircase to the Ecumenical Temple.
  2561 | D:4      | HP: 3/67 [poisoned by an adder]
  2563 | D:4      | HP: 1/45 [poisoned by an adder]
  2578 | D:4      | HP: 1/45 [endoplasm (2)]
  2584 | D:4      | HP: 1/45 [gnoll/+0 spear (3)]
  2585 | D:4      | Slain by a gnoll

Illustrated notes

Levels and vault maps discovered:
D:1:      eino_arrival_druids_welcome, layout_loops_ring,
          dreamdust_ecumenical_altar_grove, hangedman_abyss_or_decor_lesser_grid
D:2:      layout_loops_corners, basic_altar
D:3:      layout_rooms, minmay_misc_feat_iff, minmay_hedge_maze, uniq_robin
D:4:      layout_basic, nicolae_overflow_macrodata_refinement,
          minmay_temple_entry_large_hall

Skill      XL: |  1  2  3  4 |
---------------+-------------+-----
Maces & Flails | 4 5 7 |  7.8
Fighting       | |  3.6
Armour         | |  2.4
Dodging        | |  2.1

Action                     |  1- 3 |  4- 6 || total
---------------------------+-------+-------++-------
  Melee: Mace              |    83 |    98 ||   181
         Headbutt          |    10 |    19 ||    29
         Kick              |       |    22 ||    22
 Invoke: Berserk           |       |     3 ||     3
    Use: Potion            |       |     5 ||     5
         Scroll            |       |     1 ||     1
 Armour: Animal skin       |    53 |    75 ||   128
  Dodge: Dodged            |    51 |    54 ||   105

Table legend: (Time is in decaauts)
 A = Elapsed time spent in this place.
 B = Non-inter-level travel time spent in this place.
 C = Inter-level travel time spent in this place.
 D = Time resting spent in this place.
 E = Time spent auto-exploring this place.
 F = Levels seen in this place.
 G = Mean time per level.
                   A        B        C        D        E       F      G
               +--------+--------+--------+--------+--------+-----+--------+
         Total |   2627 |   2539 |     88 |    154 |   1884 |   4 |  656.8 |
       Dungeon |   2627 |   2539 |     88 |    154 |   1884 |   4 |  656.8 |
               +--------+--------+--------+--------+--------+-----+--------+

Top non-repeatable levels by time:
     D:2: 1068 daAuts
     D:3: 796 daAuts
     D:1: 696 daAuts
     D:4: 66 daAuts
